 Dungeon Crawl Stone Soup version 0.28-a0-861-ge64d6db94f (webtiles) character file.

Game seed: 12502474332102483962

5 meatgazer the Skirmisher (level 1, -2/27 HPs)
             Began as a Demonspawn Abyssal Knight on Nov 15, 2021.
             Was a Follower of Lugonu.
             Slain by a small abomination (8 damage)
             ... on level 1 of the Abyss.
             The game lasted 00:00:15 (64 turns).

meatgazer the Skirmisher (Demonspawn Abyssal Knight)  Turns: 64, Time: 00:00:16

Health: -2/27      AC: 20    Str: 13    XL:     1   Next: 66%
Magic:  2/2        EV:  2    Int: 11    God:    Lugonu [*.....]
Gold:   0          SH:  0    Dex: 13    Spells: 0/0 levels left

rFire   . . .      SeeInvis .   a - +1 spear
rCold   . . .      Faith    .   (no shield)
rNeg    . . .      Spirit   .   (armour currently unavailable)
rPois   +          Reflect  .   (helmet currently unavailable)
rElec   .          Harm     .   (cloak currently unavailable)
rCorr   .          Rampage  .   (gloves currently unavailable)
Will    .....      NoTele   +   (boots currently unavailable)
Stlth   +.........              (no amulet)
HPRegen 0.09/turn               (no ring)
MPRegen 0.08/turn               (no ring)

@: tree-form
A: stationary, stasis, torment immunity, boosted hp
a: Renounce Religion, Depart the Abyss


You were on level 1 of the Abyss.
You worshipped Lugonu.
Lugonu was aware of your devotion.
You were a tree.
You visited 0 branches of the dungeon, and saw 0 of its levels.
You visited the Abyss 1 time.

Inventory:

Hand Weapons
 a - a +1 spear (weapon)
Armour
 b - a +0 leather armour (melded)


   Skills:
 + Level 3.2 Fighting
 + Level 1.8 Polearms
 + Level 1.8 Armour
 + Level 0.9 Dodging
 + Level 2.4 Invocations


You couldn't memorise any spells.
You didn't know any spells.
Your spell library was empty.

Dungeon Overview and Level Annotations

Branches:
Dungeon (0/15)

Altars:


Message History

Found a corrupted altar of Lugonu.
Found a spear.
An ufetubus comes into view.
The ufetubus moves out of view.
The ufetubus shouts!
An ufetubus and a small abomination come into view.
Found a bubbling yellow potion.
The ufetubus hits you. x3; The ufetubus misses you.
You barely miss the ufetubus. The ufetubus completely misses you.
The ufetubus hits you.
You miss the ufetubus.
The ufetubus hits you but does no damage.
The ufetubus hits you. The ufetubus barely misses you.
The ufetubus closely misses you.
You hit the ufetubus.
The ufetubus is severely wounded.
The ufetubus hits you but does no damage.
The ufetubus closely misses you.
You hit the ufetubus.
You kill the ufetubus!
You see here a bubbling yellow potion.
c - a bubbling yellow potion It was a potion of lignification.
You turn into a tree.
Your +0 leather armour melds into your body.
Your roots penetrate the ground.
You hit the small abomination.
The small abomination is lightly damaged.
You hit the small abomination.
The small abomination is moderately damaged.
The small abomination hits you but does no damage.
You closely miss the small abomination.
The small abomination is moderately damaged.
The small abomination hits you!
* * * LOW HITPOINT WARNING * * *
You barely miss the small abomination.
The small abomination is moderately damaged.
You hit the small abomination.
The small abomination is moderately damaged.
The small abomination hits you!
You die...

.. ... .#.... # # ##
............ #
#.#................ .#.
. .#... ........
##.....#.....#.....# ..
#≈≈#...##...###...##
..#
#......#.....#.....#..#
..#. .............#
##.. #.........x♣.....#
# ≈###
##.............#.
.♣#.#. ....#.....#.##.
# ..... #...###...## ..
.§## .###.. .#.....# .
#..# #.# ..........
...# #.............# .
## ##............# ..
#. .#.....#.#


You could see a small abomination.

Vanquished Creatures
  An ufetubus (Abyss:1)
1 creature vanquished.

Notes
Turn   | Place    | Note
-------+----------+-------------------------------------------
     0 | Abyss:1  | meatgazer the Demonspawn Abyssal Knight began the quest for
                  | the Orb.
     0 | Abyss:1  | Reached XP level 1. HP: 18/18 MP: 2/2
    44 | Abyss:1  | Noticed a small abomination
    64 | Abyss:1  | Slain by a small abomination

Illustrated notes

Levels and vault maps discovered:
Abyss:1:  base: Temple, base:
Temple

Action                   || total
-------------------------++-------
Melee: Spear             ||     9
  Use: Potion            ||     1
Armor: Leather armour    ||     2
       Skin              ||     1
Dodge: Dodged            ||     5

Table legend: (Time is in decaauts)
 A = Elapsed time spent in this place.
 B = Non-inter-level travel time spent in this place.
 C = Inter-level travel time spent in this place.
 D = Time resting spent in this place.
 E = Time spent auto-exploring this place.
 F = Levels seen in this place.
 G = Mean time per level.
                   A        B        C        D        E       F      G
               +--------+--------+--------+--------+--------+-----+--------+
         Total |     64 |     64 |      0 |      0 |     41 |   1 |   64.0 |
         Abyss |     64 |     64 |      0 |      0 |     41 |   1 |   64.0 |
               +--------+--------+--------+--------+--------+-----+--------+

Top non-repeatable levels by time:
 Abyss:1: 64 daAuts
